[Event "Titled Tuesday Blitz October 11 Early 2022"]
[White "Kosteniuk, Alexandra"]
[Black "Le, Tuan Minh"]
[WhiteFideId "4128125"]
[BlackFideId "12401153"]
[WhiteElo "2469"]
[BlackElo "2530"]
[Result "0-1"]
[Round "05"]
[TimeControl "180+1"]
[Date "2022.10.11"]
[WhiteClock "0:00:48"]
[BlackClock "0:00:54"]

1. Nf3 d5 2. g3 Nd7 3. d4 Nb6 4. Bg2 Nf6 5. O-O c6 6. b3 Bf5 7. Bb2 e6 8. a4 a5 9. Nbd2 h6 10. Ne5 Be7 11. c4 O-O 12. f3 c5 13. e4 Bh7 14. Rc1 Rc8 15. Bc3 cxd4 16. Bxd4 Bb4 17. cxd5 exd5 18. Rxc8 Nxc8 19. exd5 Qxd5 20. Ndc4 Rd8 21. Bh3 Ne7 22. Nxf7 Kxf7 0-1


[Site "https://www.chess.com"]

[Event "Titled Tuesday Blitz October 11 Early 2022"]
[White "Kouskoutis, Georgios-Alexandros"]
[Black "Yuan, Qingyu"]
[WhiteFideId "4234049"]
[BlackFideId "8609772"]
[WhiteElo "2187"]
[BlackElo "2359"]
[Result "0-1"]
[Round "05"]
[TimeControl "180+1"]
[Date "2022.10.12"]
[WhiteClock "0:00:02"]
[BlackClock "0:00:23"]

1. c4 e6 2. g3 d5 3. Bg2 Nf6 4. Nf3 dxc4 5. Qa4+ Bd7 6. Qxc4 c5 7. Ne5 Qc8 8. O-O Nc6 9. Nxd7 Qxd7 10. Qc2 Rc8 11. Nc3 Be7 12. d3 O-O 13. b3 Rfd8 14. Bb2 Nd4 15. Qd1 h5 16. h3 b6 17. Rc1 Bf8 18. Ne4 Nxe4 19. Bxe4 g6 20. e3 Nb5 21. Qe2 Bg7 22. Rfd1 Nd6 23. Bg2 Nf5 24. a3 Qe7 25. Bxg7 Kxg7 26. Qb2+ Qf6 27. Qxf6+ Kxf6 28. Bb7 Rc7 29. Be4 Nd6 30. Bf3 Rdc8 31. Kf1 Nb5 32. a4 Nd6 33. Ke2 Nf5 34. Be4 Nd6 35. Bf3 Ke7 36. Rd2 Nf5 37. Be4 Nd6 38. Bf3 Rd7 39. Rdc2 Rcd8 40. Bc6 Rc7 41. Bf3 Rdc8 42. d4 c4 43. bxc4 Nxc4 44. Bb7 Rxb7 45. Rxc4 Rxc4 46. Rxc4 Kd7 47. Kd3 b5 48. axb5 Rxb5 49. Ra4 a5 50. Ke4 Kc6 51. g4 Kb6 52. f4 h4 53. g5 Rb3 54. Kf3 Kb5 55. Ra1 a4 56. Kg4 Rxe3 57. Kxh4 a3 58. Rb1+ Kc4 59. Rb7 a2 60. Rc7+ Kb4 61. Rb7+ Ka3 62. Ra7+ Kb2 63. Rb7+ Rb3 0-1


[Site "https://www.chess.com"]

[Event "Titled Tuesday Blitz October 11 Early 2022"]
[White "Krishnan, Varun"]
[Black "Pakleza, Zbigniew"]
[WhiteFideId "5054508"]
[BlackFideId "1119290"]
[WhiteElo "2630"]
[BlackElo "2811"]
[Result "0-1"]
[Round "05"]
[TimeControl "180+1"]
[Date "2022.10.12"]
[WhiteClock "0:00:02"]
[BlackClock "0:00:07"]

1. e4 d6 2. d4 Nf6 3. Nc3 c6 4. Nf3 Bg4 5. h3 Bh5 6. Be2 e6 7. O-O d5 8. e5 Nfd7 9. a4 c5 10. Be3 Nc6 11. dxc5 Bxf3 12. Bxf3 Ndxe5 13. Nb5 Be7 14. c3 O-O 15. b4 a5 16. Bd2 Nc4 17. Be2 Bf6 18. Rb1 Nxd2 19. Qxd2 axb4 20. cxb4 Rxa4 21. Nd6 Qa8 22. b5 Nd4 23. Bd3 g6 24. Rfc1 Be7 25. b6 Rd8 26. Nb5 Ra2 27. Qe3 Nxb5 28. Bxb5 Qa5 29. c6 bxc6 30. Rxc6 Ra1 31. Rcc1 Rxb1 32. Rxb1 d4 33. Qe5 Qxb6 34. Bd3 Qd6 35. Qb5 Kg7 36. Qb7 Rd7 37. Qf3 Bf6 38. g3 h5 39. h4 Qd5 40. Be4 Qc5 41. Rd1 Be7 42. Rd3 f5 43. Kg2 fxe4 44. Qxe4 Qd5 45. Qxd5 Rxd5 46. Kf3 Bf6 47. Ke4 Kf7 48. f4 Ke7 49. Ra3 Rd7 50. Kd3 Rc7 51. Ra6 Rc3+ 52. Kd2 Rxg3 53. Ra7+ Kd6 54. Ra6+ Kd5 55. Rb6 Bxh4 56. f5 gxf5 57. Rb7 Bg5+ 58. Ke2 d3+ 59. Kf2 h4 60. Rb3 e5 61. Rb5+ Ke6 62. Rb6+ Kf7 63. Rb5 Bf6 64. Rb7+ Kg6 65. Rb8 e4 66. Rg8+ Bg7 67. Rb8 Bd4+ 68. Ke1 Be3 0-1


[Site "https://www.chess.com"]

[Event "Titled Tuesday Blitz October 11 Early 2022"]
[White "Krzywda, Andrzej"]
[Black "Djokic, Mihailo"]
[WhiteFideId "1114565"]
[BlackFideId "976440"]
[WhiteElo "2149"]
[BlackElo "2315"]
[Result "0-1"]
[Round "05"]
[TimeControl "180+1"]
[Date "2022.10.12"]
[WhiteClock "0:00:05"]
[BlackClock "0:00:34"]

1. d4 Nf6 2. c4 g6 3. Nc3 Bg7 4. e4 d6 5. Nf3 O-O 6. Be2 e5 7. O-O Nc6 8. d5 Ne7 9. b4 Ne8 10. c5 f5 11. Ng5 a5 12. cxd6 cxd6 13. bxa5 Qxa5 14. Bd2 fxe4 15. Nb5 Qd8 16. Bb4 e3 17. fxe3 Nf5 18. Ne6 Qb6 19. Bd2 Nxe3 20. Rxf8+ Bxf8 21. Bxe3 Qxe3+ 22. Kh1 Be7 23. Bc4 Bd7 24. a4 b6 25. Ra3 Qe4 26. Qf1 Rc8 27. Rf3 Bxe6 28. dxe6 Ng7 29. Bb3 Nf5 30. Qd1 d5 31. h3 d4 32. g4 Nh4 33. Kh2 Nxf3+ 34. Kg3 Qf4+ 35. Kg2 Nh4+ 36. Kg1 Qg3+ 37. Kf1 Qg2+ 38. Ke1 Nf3+ 39. Qxf3 Qxf3 0-1


[Site "https://www.chess.com"]

[Event "Titled Tuesday Blitz October 11 Early 2022"]
[White "Kuchava, Ana"]
[Black "Carrasco Miranda, Andres"]
[WhiteFideId "13605348"]
[BlackFideId "3405990"]
[WhiteElo "2001"]
[BlackElo "2183"]
[Result "0-1"]
[Round "05"]
[TimeControl "180+1"]
[Date "2022.10.12"]
[WhiteClock "0:00:11"]
[BlackClock "0:01:03"]

1. d4 Nf6 2. Nf3 g6 3. c4 Bg7 4. Nc3 d5 5. Bg5 Ne4 6. Bf4 Nxc3 7. bxc3 dxc4 8. e4 b5 9. a4 c6 10. Qb1 a6 11. axb5 cxb5 12. Be2 Bb7 13. O-O Qc8 14. Be5 O-O 15. Bxg7 Kxg7 16. d5 Nd7 17. Qc1 Qc5 18. Qf4 Rae8 19. Nd4 e5 20. dxe6 fxe6 21. Qg4 Qe5 22. f4 Qxe4 23. Kh1 Nf6 24. Qh4 Qxg2# 0-1


[Site "https://www.chess.com"]

[Event "Titled Tuesday Blitz October 11 Early 2022"]
[White "Kuznetsova, Olga"]
[Black "Averjanov, Alexey"]
[WhiteFideId "4191323"]
[BlackFideId "14109867"]
[WhiteElo "2134"]
[BlackElo "2682"]
[Result "1-0"]
[Round "05"]
[TimeControl "180+1"]
[Date "2022.10.12"]
[WhiteClock "0:00:32"]
[BlackClock "0:00:17"]

1. d4 d5 2. Bf4 Nf6 3. e3 e6 4. Nd2 c5 5. c3 Bd6 6. Bg3 Qc7 7. Ngf3 Nbd7 8. Bd3 O-O 9. e4 dxe4 10. Nxe4 Nxe4 11. Bxe4 Nf6 12. Bc2 b6 13. O-O Bb7 14. dxc5 Bxg3 15. hxg3 Qxc5 16. Qd4 Qh5 17. Bd1 Ng4 18. Nh4 f5 19. Bf3 Rad8 20. Qc4 Bd5 21. Bxd5 exd5 22. Qc7 Rc8 23. Qd6 Rcd8 24. Qe6+ Kh8 25. Rfe1 Rf6 26. Qe7 Rg8 27. Nf3 Rh6 28. Nh4 g5 29. f3 gxh4 30. fxg4 fxg4 31. Re6 hxg3 32. Rxh6 Qxh6 33. Qe5+ Qg7 34. Qxg3 d4 35. Re1 dxc3 36. bxc3 Qf6 37. Qe3 h5 38. Rf1 Qg7 39. Rf5 Qg6 40. Qe5+ Rg7 41. Rxh5+ Kg8 42. Qd5+ Qf7 43. Qd8+ Qf8 44. Qd5+ Qf7 45. Qa8+ Qf8 46. Rh8+ Kxh8 47. Qxf8+ Kh7 48. Qf5+ Kh6 49. Kf2 Rg5 50. Qf6+ Kh5 51. Kg3 Rc5 52. Qf7+ Kg5 53. Qe7+ Kf5 54. Qe3 Rc4 55. Qd3+ Re4 56. Kf2 Kf4 57. g3+ Ke5 58. Qd8 Rc4 59. Qe7+ Kd5 60. Qf7+ Kc5 61. Qe7+ Kb5 62. Qa3 a5 63. Qb3+ Kc5 64. a4 Kd5 65. Qb5+ Rc5 66. Qxb6 Rxc3 67. Qxa5+ Rc5 68. Qxc5+ Kxc5 69. Ke3 Kb4 70. Kf4 Kxa4 71. Kxg4 Kb5 72. Kf5 Kc6 73. g4 Kd7 74. Kf6 Ke8 75. Kg7 Ke7 76. g5 Ke6 77. g6 Kf5 78. Kh7 Kf6 79. g7 Kg5 80. g8=Q+ Kf5 81. Qg6+ Kf4 82. Qe6 Kg5 83. Kg7 Kf4 84. Kg6 Kf3 85. Kg5 Kg3 86. Qe3+ Kh2 87. Kg4 Kh1 88. Qd2 Kg1 89. Kg3 Kf1 90. Qf2# 1-0


[Site "https://www.chess.com"]

[Event "Titled Tuesday Blitz October 11 Early 2022"]
[White "Lamaze, Simon"]
[Black "Bilan, Danila"]
[WhiteFideId "36069264"]
[BlackFideId "24161918"]
[WhiteElo "2272"]
[BlackElo "2203"]
[Result "1-0"]
[Round "05"]
[TimeControl "180+1"]
[Date "2022.10.12"]
[WhiteClock "0:01:36"]
[BlackClock "0:00:04"]

1. b3 d5 2. Bb2 Nf6 3. e3 c5 4. f4 Nc6 5. Nf3 g6 6. Be2 Bg7 7. O-O O-O 8. Ne5 Qc7 9. Nxc6 Qxc6 10. Na3 Ne4 11. Bxg7 Kxg7 12. Bf3 Bf5 13. c4 Rad8 14. d3 Nf6 15. cxd5 Nxd5 16. e4 Ne3 17. exf5 Qf6 18. Qe2 Nxf1 19. Rxf1 Qxf5 20. Nc4 b6 21. Be4 Qf6 22. f5 Qd4+ 23. Kh1 Rfe8 24. Qf3 Qf6 25. Ne3 Rf8 26. Ng4 Qh4 27. f6+ exf6 28. Nxf6 Rd6 29. Nd5 f5 30. Nf4 fxe4 31. Ne6+ 1-0


[Site "https://www.chess.com"]

[Event "Titled Tuesday Blitz October 11 Early 2022"]
[White "Lazavik, Denis"]
[Black "Beerdsen, Thomas"]
[WhiteFideId "13515110"]
[BlackFideId "1030108"]
[WhiteElo "2437"]
[BlackElo "2567"]
[Result "1-0"]
[Round "05"]
[TimeControl "180+1"]
[Date "2022.10.11"]
[WhiteClock "0:00:16"]
[BlackClock "0:00:25"]

1. d4 e6 2. c4 b6 3. e4 Bb7 4. Bd3 Nc6 5. Ne2 Nb4 6. Nbc3 Nxd3+ 7. Qxd3 Ne7 8. O-O d5 9. cxd5 exd5 10. e5 Qd7 11. f4 g6 12. Be3 Nf5 13. Bf2 h5 14. Rac1 a6 15. Nd1 h4 16. Ne3 Nxe3 17. Bxe3 h3 18. g3 a5 19. Qc2 Ba6 20. Rf2 O-O-O 21. Nc3 Kb8 22. f5 Bh6 23. Bxh6 Rxh6 24. Re1 Re8 25. fxg6 Rxg6 26. Qf5 Qd8 27. Qxh3 Rh8 28. Qg2 Rgh6 29. Qxd5 Qg5 30. e6 Qg6 31. exf7 Bb7 32. f8=Q+ Ka7 33. Nb5+ Ka6 34. Nxc7+ Ka7 35. Nb5+ Ka6 36. Qxb7+ Kxb7 37. Qf7+ 1-0


[Site "https://www.chess.com"]

[Event "Titled Tuesday Blitz October 11 Early 2022"]
[White "Leiva, Gianmarco"]
[Black "Di Nicolantonio, Lucas"]
[WhiteFideId "3804399"]
[BlackFideId "680460"]
[WhiteElo "2757"]
[BlackElo "2576"]
[Result "1-0"]
[Round "05"]
[TimeControl "180+1"]
[Date "2022.10.12"]
[WhiteClock "0:00:28"]
[BlackClock "0:00:08"]

1. e4 c6 2. d4 d5 3. e5 c5 4. dxc5 e6 5. a3 Bxc5 6. Qg4 Ne7 7. Bd3 Nbc6 8. Nf3 Ng6 9. Qg3 a6 10. b4 Ba7 11. Bb2 Bb8 12. O-O O-O 13. Re1 Bd7 14. Nbd2 Nce7 15. h4 Bb5 16. h5 Bxd3 17. cxd3 Nf5 18. Qh2 Ngh4 19. g4 Nxf3+ 20. Nxf3 Ne7 21. h6 g6 22. Bc1 f6 23. Bf4 Nc6 24. Ra2 fxe5 25. Nxe5 Rxf4 26. Qxf4 Nxe5 27. Rxe5 Bxe5 28. Qxe5 Qd7 29. Rc2 Rf8 30. Rc7 1-0


[Site "https://www.chess.com"]

[Event "Titled Tuesday Blitz October 11 Early 2022"]
[White "Leve, Nitai"]
[Black "Luxama, Jacques Muller"]
[WhiteFideId "2006898"]
[BlackFideId "11900113"]
[WhiteElo "2144"]
[BlackElo "1931"]
[Result "1/2-1/2"]
[Round "05"]
[TimeControl "180+1"]
[Date "2022.10.12"]
[WhiteClock "0:00:04"]
[BlackClock "0:01:17"]

1. e4 c5 2. Nf3 d6 3. d4 cxd4 4. Qxd4 Nc6 5. Bb5 Bd7 6. Bxc6 Bxc6 7. Nc3 e5 8. Qd3 h6 9. Be3 Nf6 10. O-O-O Qc7 11. Nb5 Bxb5 12. Qxb5+ Qc6 13. Qb3 Be7 14. Rhg1 O-O 15. g4 Nxe4 16. g5 hxg5 17. Nxg5 Nxg5 18. Bxg5 Bxg5+ 19. Rxg5 d5 20. Rxd5 Rad8 21. Rgxe5 Qh6+ 22. Qe3 Qxh2 23. Rxd8 Rxd8 24. b3 Qg1+ 25. Kb2 Qg6 26. c3 Qd6 27. Re8+ Rxe8 28. Qxe8+ Kh7 29. Qxf7 Qd2+ 30. Ka3 Qxc3 31. Qxb7 Qa5+ 32. Kb2 Qd2+ 33. Ka3 Qa5+ 34. Kb2 Qd2+ 35. Kb1 Qd1+ 36. Kb2 Qd2+ 1/2-1/2


[Site "https://www.chess.com"]

[Event "Titled Tuesday Blitz October 11 Early 2022"]
[White "Liyanage, Ranindu Dilshan"]
[Black "Van Foreest, Jorden"]
[WhiteFideId "9915834"]
[BlackFideId "1039784"]
[WhiteElo "2210"]
[BlackElo "2649"]
[Result "1-0"]
[Round "05"]
[TimeControl "180+1"]
[Date "2022.10.11"]
[WhiteClock "0:00:09"]
[BlackClock "0:00:05"]

1. d4 Nf6 2. Nc3 d6 3. e4 g6 4. f4 c6 5. Nf3 Bg4 6. Bd3 Nbd7 7. h3 Bxf3 8. Qxf3 e5 9. Be3 Bg7 10. O-O-O Qe7 11. Rhf1 b5 12. Kb1 b4 13. Ne2 O-O 14. g4 c5 15. dxc5 Nxc5 16. f5 Nxd3 17. cxd3 Nd7 18. g5 f6 19. h4 Rf7 20. Qg4 Raf8 21. Ng3 Qe8 22. h5 fxg5 23. Bxg5 Nf6 24. Qh4 gxh5 25. Nxh5 Nxh5 26. Qxh5 Rc7 27. Qh4 b3 28. f6 Bh8 29. Bh6 Qc6 30. Rg1+ Kf7 31. Qh5+ Ke6 32. Bxf8 Bxf6 33. Bh6 Qc2+ 34. Ka1 bxa2 35. Qf5+ Ke7 36. Qxh7+ Ke6 37. Qf5+ Ke7 38. Bf8+ Kf7 39. Bxd6 Rc6 40. Qd7+ 1-0


[Site "https://www.chess.com"]

[Event "Titled Tuesday Blitz October 11 Early 2022"]
[White "Machidon, Cristi"]
[Black "Kushko, Dmitriy"]
[WhiteFideId "13904590"]
[BlackFideId "14162261"]
[WhiteElo "2312"]
[BlackElo "2230"]
[Result "1/2-1/2"]
[Round "05"]
[TimeControl "180+1"]
[Date "2022.10.11"]
[WhiteClock "0:00:09"]
[BlackClock "0:00:06"]

1. d4 g6 2. e4 d6 3. Nf3 Nf6 4. Bd3 Bg7 5. O-O O-O 6. Re1 Nc6 7. h3 e5 8. c3 h6 9. a4 Nh7 10. dxe5 Nxe5 11. Nxe5 dxe5 12. Na3 Ng5 13. Nc4 Qf6 14. Ne3 c6 15. Qe2 Rd8 16. Ng4 Qe7 17. Bc4 h5 18. Nh2 Ne6 19. Nf3 Bf6 20. Be3 b6 21. Rad1 Bb7 22. Rxd8+ Rxd8 23. Rd1 Rd6 24. g3 Qd7 25. Rxd6 Qxd6 26. Kg2 c5 27. Nd2 Ng5 28. Qd3 Qxd3 29. Bxd3 h4 30. g4 Ne6 31. Kf3 Bg5 32. Bc4 Bxe3 33. Kxe3 Ng5 34. Bf1 Kg7 35. f4 exf4+ 36. Kxf4 f6 37. a5 Ne6+ 38. Ke3 bxa5 39. Nb3 Kf8 40. Nxa5 Bc8 41. Bc4 Ke7 42. Bxe6 Kxe6 43. Nc6 a6 44. b4 cxb4 45. cxb4 Kd6 46. Nd4 Ke5 47. Nf3+ Kd6 48. Nxh4 g5 49. Nf3 Bd7 50. Kd4 Ke6 51. e5 Bc6 52. Nd2 fxe5+ 53. Kc5 Bb7 54. Kb6 Bg2 55. Kxa6 Bxh3 56. Ne4 Bxg4 57. Nxg5+ Kf5 58. Nf7 e4 59. Nd6+ Ke5 60. Nxe4 Kxe4 61. b5 Be2 62. Ka5 Bxb5 1/2-1/2


[Site "https://www.chess.com"]

[Event "Titled Tuesday Blitz October 11 Early 2022"]
[White "Malyi, Viacheslav"]
[Black "Villamayor, Buenaventura"]
[WhiteFideId "14123983"]
[BlackFideId "5200393"]
[WhiteElo "2291"]
[BlackElo "2301"]
[Result "1/2-1/2"]
[Round "05"]
[TimeControl "180+1"]
[Date "2022.10.12"]
[WhiteClock "0:00:37"]
[BlackClock "0:00:06"]

1. e4 c5 2. Nf3 Nc6 3. d4 cxd4 4. Nxd4 Nf6 5. Nc3 e5 6. Ndb5 d6 7. Nd5 Nxd5 8. exd5 Nb8 9. c4 a6 10. Nc3 Be7 11. Be2 O-O 12. O-O f5 13. f4 Nd7 14. Be3 exf4 15. Bxf4 Kh8 16. Kh1 Ne5 17. b4 Bf6 18. Rc1 g5 19. Be3 Qe7 20. Bd4 Bg7 21. c5 g4 22. cxd6 Qxd6 23. Bc5 Qh6 24. Bxf8 Bxf8 25. Qd4 Bg7 26. Qf4 Qd6 27. Na4 Bh6 28. Qd4 Bxc1 29. Rxc1 Bd7 30. Nb6 Re8 31. Nc4 Qf6 32. d6 Kg8 33. Qf4 Ng6 34. Qf2 f4 35. Nb6 Qxd6 36. Rd1 g3 37. Bc4+ Be6 38. Rxd6 gxf2 39. Rxe6 f1=Q+ 40. Bxf1 Rxe6 41. Bc4 Kf7 42. Nd7 Ke7 43. Bxe6 Kxe6 44. Nc5+ Kd5 45. Nxb7 Kc4 46. a3 Kb3 47. Nc5+ Kxa3 48. Nxa6 Ka4 49. Kg1 Kb5 50. Nc7+ Kxb4 51. Kf2 Kc5 52. Kf3 Kd6 53. Nb5+ Ke5 54. Kg4 Ke4 55. h4 Ne5+ 56. Kg5 f3 57. gxf3+ Nxf3+ 58. Kh5 Nxh4 59. Kxh4 h5 60. Kxh5 1/2-1/2


[Site "https://www.chess.com"]

[Event "Titled Tuesday Blitz October 11 Early 2022"]
[White "Mamedov, Rauf"]
[Black "Harsha Bharathakoti"]
[WhiteFideId "13401653"]
[BlackFideId "5078776"]
[WhiteElo "2650"]
[BlackElo "2523"]
[Result "1-0"]
[Round "05"]
[TimeControl "180+1"]
[Date "2022.10.11"]
[WhiteClock "0:00:04"]
[BlackClock "0:00:02"]

1. e4 c5 2. Nf3 e6 3. c3 Nf6 4. e5 Nd5 5. Bc4 d6 6. d4 cxd4 7. cxd4 Bd7 8. Bxd5 exd5 9. Nc3 Be6 10. Ng5 Nc6 11. f4 dxe5 12. fxe5 Be7 13. Nxe6 fxe6 14. O-O Qd7 15. Be3 O-O-O 16. Rf7 Rhg8 17. Qh5 Qe8 18. Raf1 Rf8 19. g4 Rxf7 20. Qxf7 Qxf7 21. Rxf7 Rg8 22. Nb5 Kd7 23. Kf1 Rf8 24. Rxf8 Bxf8 25. Ke2 a6 26. Nc3 b5 27. Nd1 Be7 28. Nf2 Nb4 29. a3 Nc6 30. Kd3 Na5 31. Bc1 Nc4 32. Nd1 a5 33. Nc3 Kc6 34. Ne2 a4 35. Ng3 g6 36. Ne2 Kd7 37. Nc3 Kc6 38. Ne2 Kd7 39. Kc3 Bh4 40. b3 Be1+ 41. Kc2 axb3+ 42. Kxb3 Bf2 43. a4 bxa4+ 44. Kxa4 Kc6 45. Kb3 Be3 46. Bb2 Nd2+ 47. Kc2 Nf3 48. Kd3 Bg5 49. h3 Ng1 50. Nxg1 1-0


[Site "https://www.chess.com"]

[Event "Titled Tuesday Blitz October 11 Early 2022"]
[White "Manon-og, Ramon Jr."]
[Black "Jaskolka, Tomasz"]
[WhiteFideId "5200776"]
[BlackFideId "1170791"]
[WhiteElo "2237"]
[BlackElo "2126"]
[Result "0-1"]
[Round "05"]
[TimeControl "180+1"]
[Date "2022.10.12"]
[WhiteClock "0:00:08"]
[BlackClock "0:00:13"]

1. e4 c5 2. Nf3 e6 3. g3 Nc6 4. Bg2 Nf6 5. Nc3 d5 6. exd5 exd5 7. d4 cxd4 8. Nxd4 Bg4 9. Qd3 Bc5 10. Nxc6 bxc6 11. O-O O-O 12. Bg5 h6 13. Bf4 Qd7 14. Rfe1 Rfe8 15. Be5 Bf5 16. Qd2 Ng4 17. Bd4 Bxd4 18. Qxd4 Nf6 19. Qd2 Qd6 20. Na4 Ne4 21. Qa5 Qf6 22. c3 Rab8 23. Qxa7 Bg6 24. Qd4 Qxd4 25. cxd4 Rb4 26. b3 Rxd4 27. Rac1 Rd2 28. Rxc6 Rxa2 29. Nc5 Rc2 30. b4 Rb8 31. Rc7 Rxb4 32. Rc6 Rxc5 33. Ra6 Kh7 34. h4 Rc2 35. h5 Bxh5 36. Rxe4 dxe4 37. Bxe4+ Rxe4 38. Ra5 Bf3 39. Ra1 Rce2 40. Kh2 Re1 41. Rxe1 Rxe1 42. g4 Rf1 43. Kg3 Bxg4 44. Kxg4 Rxf2 45. Kh5 Rf6 46. Kg4 Rg6+ 47. Kh5 Rg5+ 48. Kh4 f5 49. Kh3 f4 50. Kh4 f3 51. Kh3 f2 52. Kh4 Kg6 53. Kh3 f1=Q+ 54. Kh4 Qh1# 0-1


[Site "https://www.chess.com"]

[Event "Titled Tuesday Blitz October 11 Early 2022"]
[White "Manukian, Artak"]
[Black "Samant Aditya S"]
[WhiteFideId "13301373"]
[BlackFideId "35080580"]
[WhiteElo "2502"]
[BlackElo "2367"]
[Result "1/2-1/2"]
[Round "05"]
[TimeControl "180+1"]
[Date "2022.10.12"]
[WhiteClock "0:00:26"]
[BlackClock "0:00:06"]

1. e4 c5 2. Nf3 d6 3. Bb5+ Bd7 4. Bxd7+ Qxd7 5. c4 Nf6 6. Nc3 g6 7. d4 cxd4 8. Nxd4 Bg7 9. f3 O-O 10. Be3 Nc6 11. O-O e6 12. Qd2 Rfd8 13. Rfd1 d5 14. Nxc6 bxc6 15. cxd5 exd5 16. e5 Ne8 17. f4 Nc7 18. Na4 Ne6 19. Nc5 Nxc5 20. Bxc5 f6 21. exf6 Bxf6 22. Bd4 Bxd4+ 23. Qxd4 Qg7 24. Rac1 Qxd4+ 25. Rxd4 Rac8 26. b4 Kf7 27. Rc5 Ke6 28. Ra5 Rc7 29. Kf2 Kd6 30. Ke3 Re8+ 31. Kd2 Rb8 32. a3 Rb5 33. Ra6 Rb6 34. Ra5 Rb5 35. Ra6 Rb6 36. Ra5 c5 37. bxc5+ Rxc5 38. Rxc5 Kxc5 39. Ra4 Rb2+ 40. Ke3 Rxg2 41. Rxa7 Rxh2 42. a4 Rh3+ 43. Kf2 Kd4 44. Kg2 Ra3 45. Rxh7 Rxa4 46. Kg3 Ke3 47. Rd7 d4 48. Re7+ Kd2 49. Re6 Ra1 50. Kf2 d3 51. Rxg6 Ra5 52. Rg5 Rxg5 53. fxg5 Kc2 54. g6 d2 55. g7 d1=Q 56. g8=Q Qd2+ 57. Kf3 Qd1+ 58. Kf4 Qf1+ 59. Ke5 Qe2+ 60. Kd6 Qd3+ 61. Qd5 Qxd5+ 62. Kxd5 1/2-1/2


[Site "https://www.chess.com"]

[Event "Titled Tuesday Blitz October 11 Early 2022"]
[White "Martinez Alcantara, Jose Eduardo"]
[Black "Piesik, Piotr"]
[WhiteFideId "3805662"]
[BlackFideId "1136194"]
[WhiteElo "2703"]
[BlackElo "2323"]
[Result "1-0"]
[Round "05"]
[TimeControl "180+1"]
[Date "2022.10.11"]
[WhiteClock "0:01:28"]
[BlackClock "0:00:16"]

1. e4 g6 2. d4 Bg7 3. c3 d6 4. Bd3 Nf6 5. Nf3 Nbd7 6. O-O e5 7. Re1 O-O 8. Nbd2 a5 9. Nf1 a4 10. Ng3 Qe7 11. h3 Nb6 12. Bg5 h6 13. Be3 Bd7 14. Qd2 Kh7 15. Rad1 Bc6 16. Qc1 Rfe8 17. b3 axb3 18. axb3 Nc8 19. d5 Bd7 20. c4 c5 21. dxc6 Bxc6 22. b4 Bd7 23. c5 Ba4 24. Rd2 dxc5 25. bxc5 Na7 26. Bc4 Nc6 27. Qb2 Red8 28. Rxd8 Rxd8 29. Ra1 Rd1+ 30. Rxd1 Bxd1 31. Nd2 Nd4 32. Qa2 Qxc5 33. Bxf7 Qe7 34. Bd5 h5 35. Qb1 Nxd5 36. exd5 Bc2 37. Qa2 Bd3 38. Bxd4 exd4 39. Nf3 Bf6 40. Qb3 Ba6 41. d6 Qd7 42. Ne4 Kg7 43. Qd5 Qf7 44. Nxf6 Qxf6 45. d7 Qd8 46. Qxd4+ Kf7 47. Ne5+ Ke6 48. Nxg6 1-0


[Site "https://www.chess.com"]

[Event "Titled Tuesday Blitz October 11 Early 2022"]
[White "Mesa Cruz, Juan Carlos"]
[Black "Lakshmi C"]
[WhiteFideId "6423400"]
[BlackFideId "25035347"]
[WhiteElo "2059"]
[BlackElo "1865"]
[Result "0-1"]
[Round "05"]
[TimeControl "180+1"]
[Date "2022.10.12"]
[WhiteClock "0:00:08"]
[BlackClock "0:00:06"]

1. e4 c5 2. Nf3 Nc6 3. d4 cxd4 4. Nxd4 Nf6 5. Nc3 e5 6. Ndb5 d6 7. Bg5 a6 8. Bxf6 gxf6 9. Na3 b5 10. Nd5 f5 11. Bd3 Be6 12. c3 Bg7 13. Nc2 Bxd5 14. exd5 Ne7 15. a4 e4 16. Be2 Rb8 17. axb5 axb5 18. O-O O-O 19. Nb4 f4 20. Re1 f5 21. f3 Qb6+ 22. Kh1 Rf6 23. Ra6 Qf2 24. Rf1 Qh4 25. Qe1 Qg5 26. fxe4 fxe4 27. Nc6 Nxc6 28. dxc6 Rh6 29. c7 Rc8 30. Qf2 Be5 31. g3 fxg3 32. Qf7+ Kh8 33. Qf8+ Rxf8 34. Rxf8+ Kg7 35. c8=Q Rxh2+ 36. Kg1 Qe3+ 37. Kf1 Rh1+ 38. Kg2 Qg1# 0-1


[Site "https://www.chess.com"]

[Event "Titled Tuesday Blitz October 11 Early 2022"]
[White "Migot, Tangi"]
[Black "Blokhin, Sofia"]
[WhiteFideId "662445"]
[BlackFideId "4508190"]
[WhiteElo "2464"]
[BlackElo "2005"]
[Result "1-0"]
[Round "05"]
[TimeControl "180+1"]
[Date "2022.10.12"]
[WhiteClock "0:00:37"]
[BlackClock "0:00:04"]

1. e4 c5 2. Nf3 Nc6 3. Bb5 d6 4. O-O Bd7 5. c3 Nf6 6. Re1 e5 7. d4 cxd4 8. cxd4 Nb8 9. a4 Bxb5 10. axb5 Nbd7 11. Nc3 Be7 12. d5 O-O 13. Be3 b6 14. Nd2 Nc5 15. Ra3 Nfd7 16. Qa1 Qc7 17. Rc1 Nd3 18. Rc2 Nb4 19. Rc1 Nd3 20. Rd1 N3c5 21. Qb1 Qd8 22. Qa2 Qc7 23. Ra1 a5 24. bxa6 f5 25. exf5 Rxf5 26. Nb5 Qc8 27. b4 Nxa6 28. Rxa6 Rxa6 29. Qxa6 Qc2 30. Qa8+ Rf8 31. Qc6 Qb2 32. Rb1 Nb8 33. Rxb2 Nxc6 34. dxc6 Ra8 35. c7 1-0


[Site "https://www.chess.com"]

[Event "Titled Tuesday Blitz October 11 Early 2022"]
[White "Mihailidis, Anastasios"]
[Black "Ronka, Erik"]
[WhiteFideId "4205588"]
[BlackFideId "505080"]
[WhiteElo "2312"]
[BlackElo "2264"]
[Result "1-0"]
[Round "05"]
[TimeControl "180+1"]
[Date "2022.10.12"]
[WhiteClock "0:02:58"]
[BlackClock "0:02:20"]

1. e4 c6 2. d4 d5 3. exd5 cxd5 4. Bd3 Nf6 5. c3 Bg4 6. Qb3 Qd7 7. Bf4 Nc6 8. Nd2 e6 9. Ngf3 Bd6 10. Bxd6 Qxd6 11. O-O O-O 12. Qxb7 Rab8 13. Qa6 Rxb2 14. Bb5 Bxf3 15. Nxf3 1-0


[Site "https://www.chess.com"]

[Event "Titled Tuesday Blitz October 11 Early 2022"]
[White "Mindlin, Alon"]
[Black "Martin Carmona, Gaston Manuel"]
[WhiteFideId "2800071"]
[BlackFideId "22284567"]
[WhiteElo "2417"]
[BlackElo "2235"]
[Result "1-0"]
[Round "05"]
[TimeControl "180+1"]
[Date "2022.10.12"]
[WhiteClock "0:01:47"]
[BlackClock "0:00:04"]

1. d4 Nf6 2. c4 g6 3. Nc3 Bg7 4. e4 d6 5. f3 O-O 6. Be3 c5 7. d5 e6 8. Qd2 exd5 9. cxd5 a6 10. a4 Re8 11. Be2 Qc7 12. Rc1 Nbd7 13. Nh3 Ne5 14. Nf2 h5 15. O-O h4 16. b4 cxb4 17. Nb5 Qa5 18. Nc7 Bd7 19. Nxa8 Rxa8 20. h3 Bxa4 21. f4 Ned7 22. Ra1 b5 23. Bf3 Rc8 24. Bd4 Rc4 25. e5 Ne8 26. Be2 dxe5 27. fxe5 Rxd4 28. Qxd4 Bxe5 29. Qe3 Nd6 30. Rac1 Kg7 31. Ng4 Bc3 32. Qh6+ Kg8 33. Qxh4 Qb6+ 34. Kh1 Qd4 35. Nh6+ 1-0


[Site "https://www.chess.com"]

[Event "Titled Tuesday Blitz October 11 Early 2022"]
[White "Mirzoev, Azer"]
[Black "Ohanyan, Emin"]
[WhiteFideId "13400304"]
[BlackFideId "13312022"]
[WhiteElo "2525"]
[BlackElo "2302"]
[Result "0-1"]
[Round "05"]
[TimeControl "180+1"]
[Date "2022.10.11"]
[WhiteClock "0:00:01"]
[BlackClock "0:00:04"]

1. d4 d5 2. Nf3 Nf6 3. Bf4 c5 4. e3 e6 5. Nbd2 Bd6 6. Bg3 Nc6 7. dxc5 Bxc5 8. c4 O-O 9. a3 d4 10. Nb3 Qb6 11. Nxc5 dxe3 12. Na4 Qa5+ 13. b4 Nxb4 14. axb4 Qxb4+ 15. Ke2 Qxc4+ 16. Qd3 Qb4 17. fxe3 Bd7 18. Qa3 Qe4 19. Nc5 Qc2+ 20. Ke1 Bc6 21. Nd4 Qg6 22. Nxc6 bxc6 23. Bd3 Qg5 24. Ne4 Qxe3+ 25. Kf1 Nxe4 26. Bxe4 Qxe4 27. Re1 Qc4+ 28. Kg1 Rfd8 29. Qe3 Rd3 30. Qe4 Qc3 31. Bf2 a5 32. h4 a4 33. Kh2 Rd5 34. Rc1 Qb2 35. Bg3 a3 36. Rb1 Qf6 37. Rhc1 h5 38. Ra1 a2 39. Qf3 Qxf3 40. gxf3 Rd3 41. Kg2 Rd2+ 42. Bf2 Rb2 43. Kg3 Ra6 44. Be3 f6 45. Bd4 Re2 46. Bf2 e5 47. Rc3 Rb2 48. Rcc1 Kf7 49. Be1 Ke6 50. Bc3 Re2 51. Re1 Rc2 52. Rec1 Re2 53. Re1 Rxe1 54. Rxe1 Kd5 55. Ba1 c5 56. f4 e4 57. f5 Ra3+ 58. Kg2 Rb3 59. Re2 Ra3 60. Rd2+ Kc6 61. Re2 Kd5 62. Rd2+ Kc4 63. Re2 Kd3 64. Kf2 Rb3 65. Re3+ Kc2 66. Re2+ Kb1 67. Re1+ Kc2 68. Re2+ Kd3 69. Re3+ Kc4 70. Rxe4+ Kd5 71. Re2 Ra3 72. Rd2+ Ke4 73. Rd7 Kxf5 74. Rxg7 Rh3 75. Ra7 Rh1 76. Bc3 Rc1 77. Bb2 Rc2+ 78. Kf3 Rxb2 79. Ra5 Kg6 80. Kf4 c4 0-1


[Site "https://www.chess.com"]